 Dungeon Crawl Stone Soup version 0.31-a0-1616-gbeaec30b81 (webtiles) character file.

Game seed: 12495477058972141531

6139 vineage the Fighter (level 10, -5/68 HPs)
             Began as a Gargoyle Fighter on Jan 10, 2024.
             Was an Elder of Okawaru.
             Slain by a hornet (11 damage)
             ... on level 8 of the Dungeon.
             The game lasted 00:10:20 (7278 turns).

vineage the Fighter (Gargoyle Fighter)              Turns: 7278, Time: 00:10:20

Health: -5/68      AC: 29    Str: 22    XL:     10   Next: 90%
Magic:  10/10      EV: 10    Int: 12    God:    Okawaru [****..]
Gold:   360        SH:  7    Dex: 11    Spells: 9/9 levels left

rFire   . . .        F - +3 flail (freeze)
rCold   . . .        c - +0 buckler
rNeg    + . .        h - +0 chain mail
rPois   ∞            k - +2 helmet {Int+3}
rElec   +            G - +0 cloak
rCorr   .            H - +1 pair of gloves {hurl}
SInv    .            f - +0 pair of boots
Will    .....        q - amulet of magic regeneration Stlth
                     (no ring)
HPRegen 0.31/turn    (no ring)
MPRegen 0.52/turn

%: no passive effects
@: heroic
A: sickness immunity, AC +7, negative energy resistance 1, electricity
resistance, torment resistance 1, petrification resistance
a: Renounce Religion, Heroism, Finesse


You were on level 8 of the Dungeon.
You worshipped Okawaru.
Okawaru was greatly pleased with you.
You visited 2 branches of the dungeon, and saw 9 of its levels.
You also visited: Sewer.

You collected 360 gold pieces.

Inventory:

Hand Weapons
 w - a +3 flail of venom
 F - a +3 flail of freezing (weapon)
Armour
 c - a +0 buckler (worn)
 f - a +0 pair of boots (worn)
 h - a +0 chain mail (worn)
 k - a +2 helmet of intelligence (worn)
 n - a +0 pair of gloves
 G - a +0 cloak (worn)
 H - a +1 pair of gloves of hurling (worn)
Jewellery
 e - a ring of willpower
 m - a ring of wizardry
 q - an amulet of magic regeneration (around neck)
 s - an amulet of faith
Wands
 o - a wand of roots (10)
 B - a wand of flame (12)
 K - a wand of paralysis (7)
 L - a wand of polymorph (5)
Scrolls
 a - a scroll of poison
 b - 4 scrolls of teleportation
 t - a scroll of torment
 u - a scroll of enchant armour
 y - 3 scrolls of immolation
 D - a scroll of enchant weapon
 E - 2 scrolls of vulnerability
Potions
 d - 3 potions of might
 g - 2 potions of invisibility
 i - 2 potions of haste {unknown}
 j - a potion of enlightenment {unknown}
 l - 2 potions of mutation {unknown}
 p - a potion of cancellation {unknown}
 r - 6 potions of magic
 v - 2 potions of attraction {unknown}
 x - a potion of resistance {unknown}
 z - a potion of experience {unknown}
 A - 3 potions of brilliance
 C - 2 potions of ambrosia {unknown}


   Skills:
 + Level 10.2(15.2) Fighting
 * Level 8.9(13.9) Maces & Flails
 + Level 8.8(13.8) Armour
 + Level 8.7(13.7) Shields


You had 9 spell levels left.
You didn't know any spells.
Your spell library contained the following spells:

 Spells                   Type           Power      Damage    Failure   Level
 Sting                    Conj/Alch      0%         1d3       83%         1
 Mercury Vapours          Alch/Air       0%         N/A       92%         2
 Mephitic Cloud           Conj/Alch/Air  0%         N/A       99%         3
 Olgreb's Toxic Radiance  Alch           0%         N/A       100%        4
 Freezing Cloud           Conj/Ice/Air   0%         6-21      100%        5


Dungeon Overview and Level Annotations

Branches:
Dungeon (8/15)             Temple (1/1) D:5           Sewer (visited)
   Lair: D:8-11

Altars:
Ashenzari
Cheibriados
Dithmenos
Fedhas
Gozag
Hepliaklqana
Kikubaaqudgha
Makhleb
Nemelex Xobeh
Okawaru
Ru
Sif Muna
Trog
Uskayaw
Vehumet
Xom
Yredelemnul
Zin
The Shining One

Shops:
D:2 [   D:4 *


Innate Abilities, Weirdness & Mutations

You are immune to sickness and miasma.
Your stone body is resilient. (AC +7)
You are immune to poison.
You resist negative energy. (rN+)
You are resistant to electric shocks. (rElec)
You are resistant to unholy torment.
You are immune to petrification.


Message History

The steam dragon bites you but does no damage.
The steam dragon misses you.
You closely miss the steam dragon.
The steam dragon is severely wounded.
You are engulfed in a cloud of scalding steam.
* * * LOW HITPOINT WARNING * * *
The steam dragon bites you.
* * * LOW HITPOINT WARNING * * *
The steam dragon barely misses you.
Okay, then.
You gain the combat prowess of a mighty hero.
You are engulfed in a cloud of scalding steam.
The steam dragon closely misses you.
The steam dragon claws you but does no damage.
You sock the steam dragon! You freeze the steam dragon.
You kill the steam dragon!
Okawaru accepts your kill.
The steam dragon scales are intact enough to wear.
You sock the hornet! You freeze the hornet.
The hornet is moderately wounded.
You block the hornet's attack.
You miss the hornet.
The hornet is moderately wounded.
The hornet stings you but does no damage. x2
You barely miss the hornet.
The hornet is moderately wounded.
The hornet closely misses you.
You closely miss the hornet.
The hornet is moderately wounded.
The hornet closely misses you.
You thump the hornet! You freeze the hornet.
The hornet is almost dead.
The hornet stings you but does no damage.
You miss the hornet.
The hornet is almost dead.
The hornet stings you but does no damage.
You hit the hornet but do no damage.
The hornet is almost dead.
The hornet stings you!
You die...

... ... ..P
... .P .PP.
#.##
......P ...
.#... .)
#.###...
....#...#.#
..........#
....###y###
. #@## #..#
##.###
#...##
########..#
........#.#
.
#######.#.#
.
#.#.#######
.
#.#.......#
#


You could see a hornet.

Vanquished Creatures
  Pikel (D:7)
  The ghost of bmj180 the Conjurer, a novice HuCj of Sif Muna (D:6)
  Joseph (D:7)
  A komodo dragon (D:8)
  A kobold demonologist (D:7)
  A hornet (D:7)
  Grinder (D:4)
  Prince Ribbit (D:7)
  A vampire (D:7)
  4 steam dragons
  Duvessa (D:7)
  2 water moccasins
  4 orc warriors
  A sky beast (D:7)
  2 phantoms
  A lemure (D:7)
  3 kobold brigands (Sewer)
  5 bullfrogs
  A gnoll sergeant (D:5)
  9 wights (D:7)
  Dowan (D:7)
  5 howler monkeys
  2 bombardier beetles
  A hound (D:7)
  A jelly (D:7)
  Crazy Yiuf (D:5)
  3 orc priests
  2 sleepcaps
  2 gnoll boudas
  Jessica (D:2)
  3 iguanas
  Ijyb (D:5)
  3 orc wizards
  Robin (D:2)
  12 gnolls
  8 adders
  3 shadow imps
  4 dart slugs
  18 orcs
  5 bats
  14 endoplasms
  4 giant cockroaches (D:5)
  15 goblins
  9 hobgoblins
  22 kobolds
  8 quokkas
  9 ball pythons
  6 frilled lizards
  7 rats
213 creatures vanquished.

Vanquished Creatures (collateral kills)
  A hobgoblin (D:2)
1 creature vanquished.

Grand Total: 214 creatures vanquished

Notes
Turn   | Place    | Note
-------+----------+-------------------------------------------
     0 | D:1      | vineage the Gargoyle Fighter began the quest for the Orb.
     0 | D:1      | Reached XP level 1. HP: 14/14 MP: 1/1
   112 | D:1      | Reached XP level 2. HP: 8/20 MP: 2/2
   182 | D:1      | Reached skill level 4 in Fighting
   508 | D:1      | You fall into a shaft and drop 1 floor!
   511 | D:2      | Found Qoiny's Armour Shop.
   548 | D:2      | Reached XP level 3. HP: 24/24 MP: 3/3
   682 | D:2      | Reached skill level 5 in Fighting
   716 | D:2      | Noticed Jessica
   723 | D:2      | Killed Jessica
   724 | D:2      | Reached XP level 4. HP: 27/31 MP: 4/4
   813 | D:2      | Noticed Robin
   837 | D:2      | Killed Robin
   838 | D:2      | Reached skill level 6 in Fighting
   842 | D:2      | Reached XP level 5. HP: 33/36 MP: 5/5
  2297 | D:4      | Found Rig Bieth's Gadget Gallery.
  2299 | D:4      | Identified the +6 short sword "Newtslayer" {drain, Dex+2}
  2375 | D:4      | Noticed Grinder
  2376 | D:4      | Paralysed by Grinder for 2 turns
  2384 | D:4      | Paralysed by Grinder for 2 turns
  2390 | D:4      | Paralysed by Grinder for 5 turns
  2400 | D:4      | Paralysed by Grinder for 5 turns
  2409 | D:4      | Killed Grinder
  2410 | D:4      | Reached XP level 6. HP: 14/42 MP: 6/6
  2774 | D:4      | Reached XP level 7. HP: 41/47 MP: 7/7
  2934 | D:4      | Reached skill level 7 in Fighting
  3236 | D:5      | Entered Level 5 of the Dungeon
  3250 | D:5      | Found a basalt altar of Yredelemnul.
  3252 | D:5      | Noticed Ijyb
  3264 | D:5      | Killed Ijyb
  3271 | D:5      | Reached skill level 5 in Shields
  3345 | D:5      | Reached skill level 5 in Armour
  3386 | D:5      | Reached XP level 8. HP: 18/53 MP: 8/8
  3529 | D:5      | Found a glowing drain.
  3535 | Sewer    | Entered a sewer
  3979 | D:5      | Found an ancient bone altar of Kikubaaqudgha.
  3979 | D:5      | Identified the -2 buckler of the Tentacled God {Will+
                  | rCorr}
  3982 | D:5      | Found a shadowy altar of Dithmenos.
  4235 | D:5      | Reached skill level 8 in Fighting
  4327 | D:5      | Found a staircase to the Ecumenical Temple.
  4333 | D:5      | Reached skill level 5 in Maces & Flails
  4338 | Temple   | Entered the Ecumenical Temple
  4358 | Temple   | Became a worshipper of Warmaster Okawaru
  4410 | D:5      | Found a runed translucent door.
  4411 | D:5      | Noticed Crazy Yiuf
  4489 | D:5      | Paralysed by Crazy Yiuf for 1 turns
  4497 | D:5      | Killed Crazy Yiuf
  4705 | D:6      | Reached XP level 9. HP: 51/60 MP: 9/9
  5138 | D:6      | Found a runed translucent gate.
  5138 | D:6      | Noticed bmj180's ghost (novice HuCj)
  5346 | D:6      | Found a runed translucent gate.
  5346 | D:6      | Identified the +2 rapier of Understanding {flame, Int+4}
  5347 | D:6      | Found a runed translucent gate.
  5449 | D:6      | Killed bmj180's ghost
  5449 | D:6      | Reached * piety under Okawaru
  5659 | D:7      | Reached ** piety under Okawaru
  5660 | D:7      | Reached skill level 9 in Fighting
  5715 | D:7      | Noticed a hornet
  5721 | D:7      | Killed a hornet
  5817 | D:7      | Noticed Dowan
  5826 | D:7      | Killed Dowan
  5827 | D:7      | Reached XP level 10. HP: 66/66 MP: 10/10
  5830 | D:7      | Noticed Duvessa
  5850 | D:7      | Killed Duvessa
  6078 | D:7      | Noticed a kobold demonologist
  6082 | D:7      | Killed a kobold demonologist
  6102 | D:7      | Reached *** piety under Okawaru
  6279 | D:7      | Noticed Pikel
  6289 | D:7      | Killed Pikel
  6391 | D:7      | Found a blossoming altar of Fedhas.
  6439 | D:7      | Noticed Joseph
  6443 | D:7      | Paralysed by Joseph for 5 turns
  6457 | D:7      | Paralysed by Joseph for 4 turns
  6464 | D:7      | Killed Joseph
  6588 | D:7      | Noticed Prince Ribbit
  6599 | D:7      | Killed Prince Ribbit
  6870 | D:8      | HP: 3/68 [orc priest/divine providence (12)]
  6873 | D:8      | Reached skill level 10 in Fighting
  7235 | D:8      | Reached **** piety under Okawaru
  7278 | D:8      | Slain by a hornet

Illustrated notes

Levels and vault maps discovered:
D:1:      minmay_arrival_semitransparent, layout_basic
D:2:      layout_loops_ring, serial_shops, nicolae_shop_tiny_waterfront,
          uniq_jessica, uniq_robin
D:3:      layout_loops_ring, palyth_stone_intersect, bh_walls_and_bars
D:4:      layout_basic, st_stairs_14, nicolae_shop_gadgets, uniq_grinder
D:5:      layout_rooms, grunt_temple_overflow_open,
          minmay_temple_entry_statues_pillars, gup_sewer_entry_pipe,
          serial_library_hellmonk_reading_circle, serial_park_tiny_2,
          st_stairs_14, hangedman_decor_lopped, supply_closet_lemuel, uniq_ijyb,
          uniq_crazy_yiuf_cottage
D:6:      layout_basic, biasface_ghost_orc_armoury
D:7:      layout_loops_ring, kennysheep_mini_moat, kennysheep_donut,
          mrwooster_statue_mirror, uniq_pikel, uniq_duvessa, uniq_joseph,
          uniq_prince_ribbit1
D:8:      layout_basic, grunt_lair_entry_orc_guard_hut, serial_shops,
          nicolae_shop_temple_entry_statues_fountains
Temple:   hellmonk_temple_of_storms

Skill      XL: |  1  2  3  4  5  6  7  8  9 10 |
---------------+-------------------------------+-----
Fighting       | 4 5 6 7 8 9 10 | 10.2
Maces & Flails | 3 4 5 7 8 |  8.9
Armour         | 4 5 6 7 8 |  8.8
Shields        | 4 5 6 7 8 |  8.7

Action                     |  1- 3 |  4- 6 |  7- 9 | 10-12 || total
---------------------------+-------+-------+-------+-------++-------
  Melee: Flail             |    73 |   147 |   266 |   164 ||   650
         Short sword       |       |    33 |   130 |       ||   163
 Invoke: Heroism           |       |       |       |     4 ||     4
    Use: Scroll            |     3 |     3 |     6 |     3 ||    15
         Potion            |       |     1 |     1 |     2 ||     4
 Armour: Scale mail        |    36 |       |       |       ||    36
         Chain mail        |    20 |   127 |   339 |   141 ||   627
  Dodge: Dodged            |    41 |    68 |   132 |    41 ||   282
  Block: Buckler           |    21 |    39 |    80 |    32 ||   172

Table legend: (Time is in decaauts)
 A = Elapsed time spent in this place.
 B = Non-inter-level travel time spent in this place.
 C = Inter-level travel time spent in this place.
 D = Time resting spent in this place.
 E = Time spent auto-exploring this place.
 F = Levels seen in this place.
 G = Mean time per level.
                   A        B        C        D        E       F      G
               +--------+--------+--------+--------+--------+-----+--------+
         Total |   7424 |   6879 |    545 |    655 |   4546 |  10 |  742.4 |
       Dungeon |   6951 |   6445 |    506 |    655 |   4251 |   8 |  868.9 |
        Temple |     40 |      1 |     39 |      0 |      0 |   1 |   40.0 |
         Sewer |    432 |    432 |      0 |      0 |    295 |   1 |  432.0 |
               +--------+--------+--------+--------+--------+-----+--------+

Top non-repeatable levels by time:
     D:7: 1215 daAuts
     D:6: 1038 daAuts
     D:2: 989 daAuts
     D:4: 954 daAuts
     D:5: 930 daAuts
     D:3: 704 daAuts
     D:1: 663 daAuts
     D:8: 455 daAuts
   Sewer: 432 daAuts
  Temple: 40 daAuts
